 Dungeon Crawl Stone Soup version 0.18.1-5-g4a78601 (webtiles) character file.

97 oplop the Changer (level 4, -3/28 HPs)
             Began as an Octopode Transmuter on May 9, 2016.
             Slain by a goblin
             ... wielding a +0 long sword
              (13 damage)
             ... on level 2 of the Dungeon.
             The game lasted 00:02:40 (2001 turns).

oplop the Changer (Octopode Transmuter)             Turns: 2001, Time: 00:02:40

Health: -3/28      AC:  2    Str:  9    XL:     4   Next: 68%
Magic:  1/7        EV: 20    Int: 16    God:
Gold:   34         SH:  0    Dex: 17    Spells: 3 memorised, 1 level left

rFire  . . .     SeeInvis .       - Unarmed
rCold  . . .     Gourm    .     (shield currently unavailable)
rNeg   . . .     Faith    .     (helmet currently unavailable)
rPois  x         Spirit   .     (no amulet)
rElec  .         Dismiss  .     (no ring)
rCorr  .         Reflect  .     (no ring)
SustAt .         Harm     .     (no ring)
MR     .....                    (no ring)
Stlth  ++........               (no ring)
                                (no ring)
                                (no ring)
                                (no ring)

@: spider-form (expiring), very slightly contaminated, not resistant to hostile
enchantments, unstealthy
A: almost no armour, (amphibious), 8 rings, (constrict 8), (camouflage 0),
(gelatinous body 0)
a: End Transformation


You were on level 2 of the Dungeon.
You were not hungry.
You were a venomous arachnid creature.
You visited 1 branch of the dungeon, and saw 2 of its levels.

You collected 34 gold pieces.

Inventory:

Missiles
 a - 29 arrows
Scrolls
 g - a scroll of remove curse
Potions
 d - a potion of agility {unknown}
 e - a potion of flight {unknown}
 f - a potion of cure mutation {unknown}
Books
 b - a book of Changes

   Spells                             Type                      Level
   a - Beastly Appendage              Transmutation                1
   b - Sticks to Snakes               Transmutation                2
   c - Spider Form                    Transmutation/Poison         3
   d - Ice Form                       Ice/Transmutation            4
   e - Blade Hands                    Transmutation                5
Comestibles
 c - a bread ration
 h - 2 chunks of flesh


   Skills:
 + Level 1.6 Fighting
 + Level 2.6 Dodging
 + Level 3.3 Unarmed Combat
 + Level 2.4 Spellcasting
 * Level 3.5 Transmutations


You had one spell level left.
You knew the following spells:

 Your Spells              Type           Power        Failure   Level  Hunger
a - Beastly Appendage     Trmt           ##....       17%         1    #......
b - Sticks to Snakes      Trmt           ##......     24%         2    ###....
c - Spider Form           Trmt/Pois      #.........   56%         3    ###....


Dungeon Overview and Level Annotations

Branches:
Dungeon (2/15)

Altars:
Ashenzari


Innate Abilities, Weirdness & Mutations

You cannot wear most types of armour.
((You are amphibious.))
You can wear up to eight rings at the same time.
((You can use your tentacles to constrict eight enemies at once.))
((Your skin changes colour to match your surroundings (Stealth).))
((Your rubbery body absorbs attacks (AC +1).))


Message History

The goblin closely misses you. The goblin misses you.
A goblin comes into view.
Unknown command.
The goblin unwields an uncursed club.
The goblin wields a hunting sling.
The goblin shoots a stone.
The stone closely misses you.
The goblin barely misses your ball python.
The hobgoblin hits your ball python with a club.
Your ball python dies!
A goblin comes into view.
It is wielding a dagger of electrocution.
Items here: ( )) † a stone; a dagger; a hunting sling; a goblin corpse Unknown command.
A goblin comes into view.
The goblin shouts!
You hear a shout! x2
The goblin hits you but does no damage.
You are electrocuted!
Unknown command.
You bite the goblin!
You kill the goblin!
The goblin hits you with a long sword!
You die...

***** *,* *,**,**
*,**,**,,*,, * *,*
*,**,*#####,**,**,,,,* *
*,* *,,,,,.....,,,,**,,,,,
*
*,***,,,,,.g..>,*****,,,*#
* *,**,*,##,#.g#*** *,,,,.
*,,,,,,#.,#.g# ***..,,.
****,*,#g##).# ###,..,,,.
*,#.#)##gg# #..,[,,,,.
*,#...sggg# #.#.#,,,*#
*,###.##.#####.#.#*,** *,*
#.##.# #.....#*,*
#.###.##.###.#.#.#*,***
#........#....<..#*,,,,
#.###.####.#.#.#.#*****
***********,* #.#
#.#.....# ,,,,,,,,,,,,*
#.####.###.########
******,*,,,,*
#............<.)...


You could see 2 hobgoblins and 4 goblins.

Vanquished Creatures
  Natasha (D:2)
  Robin (D:2)
  A gnoll (D:1)
  An adder (D:2)
  2 dart slugs
  A giant gecko (D:1)
  3 giant cockroaches
  7 goblins
  7 hobgoblins
  2 jackals (D:1)
  4 kobolds (D:1)
  3 bats
  2 rats (D:1)
35 creatures vanquished.

Vanquished Creatures (collateral kills)
  A goblin (D:2)
1 creature vanquished.

Grand Total: 36 creatures vanquished

Notes
Turn   | Place    | Note
--------------------------------------------------------------
     0 | D:1      | oplop the Octopode Transmuter began the quest for the Orb.
     0 | D:1      | Reached XP level 1. HP: 13/13 MP: 3/3
    96 | D:1      | Reached XP level 2. HP: 12/18 MP: 3/5
   643 | D:1      | Learned a level 2 spell: Sticks to Snakes
   748 | D:1      | Reached XP level 3. HP: 16/23 MP: 4/6
  1168 | D:1      | Learned a level 3 spell: Spider Form
  1757 | D:2      | Noticed Natasha
  1758 | D:2      | Reached XP level 4. HP: 28/28 MP: 5/7
  1759 | D:2      | Noticed Robin
  1764 | D:2      | Killed Natasha
  1766 | D:2      | Found a shattered altar of Ashenzari.
  1997 | D:2      | Killed Robin
  2001 | D:2      | Slain by a goblin

Skill      XL: |  1  2  3 |
---------------+----------+-----
Transmutations | 3 |  3.5
Fighting       | |  1.6
Dodging        | |  2.6
Unarmed Combat | |  3.3
Spellcasting   | |  2.4

Action                   |  1- 3 |  4- 6 || total
-------------------------+-------+-------++-------
Melee: Unarmed           |    63 |    12 ||    75
       Constrict         |    22 |     1 ||    23
       Tentacles         |    10 |       ||    10
       Kick              |     5 |     3 ||     8
 Cast: Beastly Appendage |    19 |       ||    19
       Spider Form       |       |     2 ||     2
       Sticks to Snakes  |       |     1 ||     1
  Use: Scroll            |     3 |       ||     3
 Stab: Sleeping          |     1 |       ||     1
  Eat: Chunk             |     3 |     1 ||     4
Armor: Skin              |     6 |     1 ||     7
Dodge: Dodged            |    36 |    14 ||    50
